 Dungeon Crawl Stone Soup version 0.30-a0-802-gb92711bcdf (webtiles) character file.

Game seed: 1089899186204098314

22654 cforsyth the Covert (level 13, -4/75 HPs)
             Began as a Kobold Brigand on Feb 24, 2023.
             Was an Elder of Hepliaklqana.
             Shot with an arrow by Nessos (16 damage)
             ... on level 12 of the Dungeon.
             The game lasted 00:36:51 (14805 turns).

cforsyth the Covert (Kobold Brigand)               Turns: 14805, Time: 00:36:52

Health: -4/75      AC:  9    Str: 10    XL:     13   Next: 29%
Magic:  13/13      EV: 21    Int: 12    God:    Hepliaklqana [****..]
Gold:   827        SH: 11    Dex: 20    Spells: 12/12 levels left

rFire   . . .      SeeInvis .    s - +1 dagger (elec)
rCold   . . .      Faith    .    T - +0 kite shield
rNeg    . . .      Spirit   .    P - +0 robe {Will+}
rPois   .          Reflect  .    k - +0 helmet
rElec   .          Harm     .    c - +0 cloak
rCorr   +          Rampage  .    i - +0 pair of gloves
Will    +....                    (no boots)
Stlth   +++++++                  G - amulet of regeneration
HPRegen 1.12/turn                p - +4 ring of protection
MPRegen 0.13/turn                W - ring of resist corrosion

@: lethally poisoned (-4 -> -4), about to teleport
A: reduced essence, small, no large weapons, nightstalker 3
a: Renounce Religion, Recall Ancestor, Ancestor Identity, Transference, Idealise


You were on level 12 of the Dungeon.
You worshipped Hepliaklqana.
Hepliaklqana was greatly pleased with you.
You visited 2 branches of the dungeon, and saw 13 of its levels.
You also visited: Sewer and Ossuary.

You collected 847 gold pieces.
You spent 20 gold pieces at shops.

Inventory:

Hand Weapons
 a - a +2 dagger
 o - a +0 vampiric dagger
 s - a +1 dagger of electrocution (weapon)
 Q - a +1 short sword of speed
Missiles
 d - 49 poisoned darts (quivered)
 e - 4 curare-tipped darts
 j - a throwing net
Armour
 b - a +0 robe
 c - a +0 cloak (worn)
 i - a +0 pair of gloves (worn)
 k - a +0 helmet (worn)
 P - a +0 robe of willpower (worn)
 T - a +0 kite shield (worn)
Jewellery
 g - a ring of ice
 p - a +4 ring of protection (left hand)
 x - a +6 ring of strength
 G - an amulet of regeneration (around neck)
 R - a ring of see invisible
 W - a ring of resist corrosion (right hand)
Wands
 y - a wand of roots (23)
 A - a wand of flame (25)
 C - a wand of mindburst (17)
 V - a wand of acid (2)
Scrolls
 f - 8 scrolls of teleportation
 n - 2 scrolls of amnesia {unknown}
 u - a scroll of brand weapon {unknown}
 v - a scroll of noise {unknown}
 w - 3 scrolls of enchant armour {unknown}
 z - 4 scrolls of poison
 B - 2 scrolls of immolation {unknown}
 D - a scroll of silence {unknown}
 F - a scroll of fear
 J - a scroll of enchant weapon {unknown}
 K - 2 scrolls of fog
 M - 2 scrolls of vulnerability {unknown}
 O - 6 scrolls of identify
 S - a scroll of magic mapping {unknown}
 U - a scroll of blinking {unknown}
Potions
 h - 8 potions of brilliance
 l - a potion of heal wounds
 m - 2 potions of ambrosia {unknown}
 q - a potion of berserk rage {unknown}
 r - 3 potions of haste
 t - 2 potions of attraction {unknown}
 E - 6 potions of curing
 H - 3 potions of lignification {unknown}
 I - 3 potions of mutation {unknown}
 L - a potion of invisibility
 N - a potion of magic


   Skills:
 + Level 11.2 Fighting
 + Level 13.1 Short Blades
 - Level 2.1 Throwing
 + Level 11.9 Dodging
 + Level 14.8 Stealth
 + Level 6.9 Shields


You had 12 spell levels left.
You didn't know any spells.
Your spell library contained the following spells:

 Spells                   Type           Power      Damage    Failure   Level
 Apportation              Tloc           0%         N/A       78%         1
 Shock                    Conj/Air       0%         1d3       78%         1
 Slow                     Hex            0%         N/A       78%         1
 Dazzling Flash           Conj/Hex       0%         N/A       98%         3
 Ozocubu's Armour         Ice            0%         N/A       98%         3
 Airstrike                Air            0%         2d(0-16)  100%        4
 Iskenderun's Mystic Bla  Conj/Tloc      0%         2d3       100%        4
 Leda's Liquefaction      Hex/Erth       0%         N/A       100%        4
 Olgreb's Toxic Radiance  Pois           0%         N/A       100%        4
 Summon Lightning Spire   Summ/Air       0%         N/A       100%        4
 Lee's Rapid Deconstruct  Erth           0%         3d4*      100%        5
 Lightning Bolt           Conj/Air       0%         1d11      100%        5
 Metabolic Englaciation   Hex/Ice        0%         N/A       100%        5
 Simulacrum               Ice/Necr       0%         N/A       100%        6
 Starburst                Conj/Fire      0%         6d3       100%        6
 Statue Form              Tmut/Erth      0%         N/A       100%        6
 Ozocubu's Refrigeration  Ice            0%         4d7       100%        7
 Ignition                 Fire           0%         3d3       100%        8


Dungeon Overview and Level Annotations

Branches:
Dungeon (12/15)            Temple (1/1) D:4            Lair (0/5) D:11
    Orc (0/2) D:12          Sewer (visited)         Ossuary (visited)

Altars:
Cheibriados
Dithmenos
Fedhas
Hepliaklqana
Kikubaaqudgha
Makhleb
Qazlal
Ru
Trog
Vehumet
Xom
Zin

Shops:
D:5 ![[(?   D:6 =(*:   D:7 **?[   D:8 (

Annotations:
D:12 Nessos


Innate Abilities, Weirdness & Mutations

Your life essence is reduced to manifest your ancestor. (-10% HP)
You are small and have problems with some larger weapons.
You are completely attuned to the shadows.


Message History

Nessos kicks you.
* * * LOW HITPOINT WARNING * * *
The wraith hits Preben.
The wraith drains Preben's vigour!
Preben seems to slow down.
The hobgoblin zombie hits you but does no damage.
Preben points at the wraith and mumbles some strange words.
The wraith seems to slow down.
You hit Nessos. Lightning courses through Nessos!
Nessos is lightly wounded.
You feel sick. You block Nessos's attack. Nessos kicks you but does no damage.
You block the hobgoblin skeleton's attack.
You hit Nessos.
Nessos is moderately wounded.
You feel sick. Nessos hits you.
* * * LOW HITPOINT WARNING * * *
You block Nessos's attack. Nessos misses you. You block Nessos's attack.
The hobgoblin zombie hits you but does no damage.
The wraith barely misses Preben.
The hobgoblin skeleton closely misses you.
Preben closely misses the wraith.
You barely miss Nessos.
Nessos is moderately wounded.
You feel sick. You block Nessos's attack. x2
Nessos mumbles some strange words.
Nessos blinks!
The hobgoblin zombie completely misses you.
You hit Nessos but do no damage.
Nessos is moderately wounded.
You feel sick.
Nessos mumbles some strange words.
Nessos blinks!
Preben casts a spell at the wraith.
The wraith resists with almost no effort.
The wraith hits Preben.
Preben is destroyed!
The hobgoblin skeleton closely misses you.
You hit the hobgoblin zombie but do no damage.
You feel sick.
Nessos wields a +3 longbow of flaming.
It bursts into flame!
Nessos shoots an arrow.
The arrow hits you!
You die...

.##.. ..#..#...##....# .# . #
##.#...####)...# .# #.
#...##.#R.#....# .## .#
#.#.#.....###....#
.#.##.##.###...#..#....#....#
.##)##..#.#..##..##.#.##....#
###..##Z.....#§§#c###.##'####
##..#WZ#..>.#§§#.# .##..##
#.....$# #..W§@# # ##..##
#####O.....#.#§Z#Z# #...#
.##..O#..###..§Z§§# #...#.#
.##.#.##.# ####...# .####'###
'##..###.. #..... #......#
.###..# ###.## #..^...#
.###.############
######......#
..'..#.......<..#
#.R#........#
..####..........#
##.'....>...#


You could see Nessos (fast), a wraith (slow), a hobgoblin zombie, an orc zombie
and a hobgoblin skeleton.

Vanquished Creatures
  Gastronok (D:12)
  An ogre mage (D:11)
  Erica (D:8)
  3 two-headed ogres
  A tengu warrior (D:9)
  Pikel (D:9)
  An ugly thing (D:11)
  3 cyclopes
  A manticore (D:10)
  Maggie (D:7)
  2 kobold demonologists
  A raiju (shapeshifter) (D:9)
  A wyvern (D:8)
  22 yaks
  A vampire (D:11)
  A wraith (D:11)
  2 steam dragons
  Grum (D:8)
  3 vampire mosquitoes (D:12)
  2 water moccasins
  3 orc warriors
  2 sky beasts
  5 ogres
  3 wolves
  A centaur (D:6)
  2 phantoms
  7 kobold brigands
  A necrophage (D:6)
  2 bullfrogs
  2 wyvern zombies (Ossuary)
  A scorpion (D:5)
  A water moccasin zombie (Ossuary)
  3 elf skeletons (D:8)
  13 killer bees
  2 troll zombies (D:12)
  An electric eel (D:10)
  6 bullfrog zombies (Ossuary)
  3 centaur zombies (Ossuary)
  3 orc priests
  2 hounds (D:5)
  A jelly (D:5)
  5 orc wizards
  7 iguanas
  A human skeleton (D:8)
  2 killer bee zombies (Ossuary)
  2 ogre zombies (D:12)
  13 mummies (Ossuary)
  A howler monkey zombie (Ossuary)
  6 gnolls
  12 adders
  3 river rats
  A shadow imp (D:5)
  2 ufetubi (D:4)
  6 worms
  3 dart slugs
  12 orcs
  9 endoplasms
  5 giant cockroaches
  8 goblins
  4 hobgoblins
  3 jackals
  10 quokkas
  13 ball pythons
  3 bats
  6 frilled lizards
  A goblin zombie (D:12)
  A hobgoblin zombie (D:12)
  18 kobolds
  2 orc skeletons
  3 orc zombies
  10 rats
286 creatures vanquished.

Vanquished Creatures (collateral kills)
  2 boulder beetles
  3 two-headed ogres
  An unseen horror (D:11)
  A kobold demonologist (D:10)
  2 shadows
  6 yaks
  A vampire mosquito (D:12)
  An ice beast (D:6)
  2 ogres
  A centaur (D:10)
  A wolf (D:8)
  A kobold brigand (D:7)
  A gnoll sergeant (D:9)
  3 killer bees
  2 howler monkeys (D:9)
  3 electric eels (D:10)
  A bullfrog zombie (Ossuary)
  A centaur zombie (Ossuary)
  2 jellies (D:6)
  An ogre zombie (D:12)
  A howler monkey zombie (Ossuary)
  6 orcs
  A jackal (D:5)
  4 kobolds
  A goblin skeleton (D:12)
  2 hobgoblin zombies (D:12)
51 creatures vanquished.

Vanquished Creatures (others)
  9 hexers
  2 ancestors (D:6)
  7 plants (D:6)
  5 withered plants (Ossuary)
23 creatures vanquished.

Grand Total: 360 creatures vanquished

Notes
Turn   | Place    | Note
-------+----------+-------------------------------------------
     0 | D:1      | cforsyth the Kobold Brigand began the quest for the Orb.
     0 | D:1      | Reached XP level 1. HP: 12/12 MP: 1/1
    56 | D:1      | Reached XP level 2. HP: 15/18 MP: 2/2
   255 | D:1      | Reached XP level 3. HP: 18/22 MP: 3/3
   408 | D:1      | Found a faded altar of an unknown god.
   418 | D:1      | Got Tokej's Even Amateurs Can Use Witchery!
   955 | D:2      | Reached XP level 4. HP: 27/27 MP: 4/4
  1333 | D:2      | Reached skill level 6 in Stealth
  1384 | D:2      | Reached XP level 5. HP: 32/32 MP: 5/5
  1443 | D:2      | Identified the +6 sling "Fosuh" {heavy, rCorr}
  1843 | D:3      | Found a shimmering altar of Xom.
  2326 | D:4      | Found a staircase to the Ecumenical Temple.
  2357 | D:4      | Noticed an ogre
  2372 | Temple   | Entered the Ecumenical Temple
  2402 | Temple   | Became a worshipper of Hepliaklqana the Forgotten
  2427 | D:4      | Killed an ogre
  2428 | D:4      | Reached XP level 6. HP: 33/38 MP: 6/6
  2591 | D:4      | Found a glowing drain.
  2595 | Sewer    | Entered a sewer
  2847 | Sewer    | Reached skill level 7 in Stealth
  2967 | Sewer    | Reached skill level 5 in Short Blades
  2979 | Sewer    | Reached XP level 7. HP: 43/43 MP: 7/7
  3038 | Sewer    | HP: 2/43 [kobold brigand/+0 club (5)]
  4338 | D:4      | Reached XP level 8. HP: 48/48 MP: 8/8
  4546 | D:4      | Reached * piety under Hepliaklqana
  4855 | D:5      | Entered Level 5 of the Dungeon
  4855 | D:5      | Found Nufrahiff's Antique Weapon Boutique.
  4871 | D:5      | Found Pesoice's Armour Shoppe.
  4874 | D:5      | Found a snail-covered altar of Cheibriados.
  4890 | D:5      | Reached skill level 5 in Fighting
  4890 | D:5      | Reached skill level 5 in Dodging
  4890 | D:5      | Reached skill level 8 in Stealth
  5227 | D:5      | Found Qeerineon's Armour Shoppe.
  5257 | D:5      | Found Lonnomas's Distillery.
  5357 | D:5      | Found an ancient bone altar of Kikubaaqudgha.
  5444 | D:5      | Found Tapoice's Magic Scroll Shoppe.
  6099 | D:6      | Found Univyc's Assorted Antiques.
  6106 | D:6      | Reached skill level 9 in Stealth
  6210 | D:6      | Found Oddiumua's Weapon Boutique.
  6281 | D:6      | Found Soyfahy's Book Boutique.
  6304 | D:6      | Reached XP level 9. HP: 49/49 MP: 9/9
  6764 | D:6      | Found Guekitra's Weapon Boutique.
  6820 | D:6      | Found Pokhle Cewufu's Jewellery Emporium.
  6854 | D:6      | Reached ** piety under Hepliaklqana
  6855 | D:6      | Remembered your ancestor Preben as a hexer
  6899 | D:6      | Bought a scroll labelled MUAWAL GOCICI for 20 gold pieces
  7151 | D:7      | Noticed Maggie
  7457 | D:7      | Found Dyek's Armour Shoppe.
  7520 | D:7      | Found Uwuiduw's Magic Scroll Shop.
  7549 | D:7      | Found Kowuraed's General Store.
  7705 | D:7      | Found Leex's Assorted Antiques.
  7758 | D:7      | Killed Maggie
  7759 | D:7      | Reached skill level 10 in Stealth
  7759 | D:7      | Reached skill level 1 in Shields
  8102 | D:8      | Noticed Erica
  8116 | D:8      | Killed Erica
  8117 | D:8      | Reached XP level 10. HP: 37/56 MP: 10/10
  8124 | D:8      | Noticed Grum
  8134 | D:8      | Reached skill level 11 in Stealth
  8138 | D:8      | Killed Grum
  8211 | D:8      | Found Ziazuweo's Antique Weapon Boutique.
  8397 | D:8      | Found a sand-covered staircase.
  8402 | Ossuary  | Entered an ossuary
  9166 | D:8      | Reached *** piety under Hepliaklqana
  9392 | D:9      | Noticed a two-headed ogre
  9396 | D:9      | Killed a two-headed ogre
  9397 | D:9      | Reached skill level 10 in Short Blades
  9397 | D:9      | Reached XP level 11. HP: 62/62 MP: 11/11
  9435 | D:8      | Reached skill level 12 in Stealth
  9518 | D:9      | Noticed Pikel
  9529 | D:9      | Killed Pikel
  9737 | D:9      | Noticed a two-headed ogre
 10059 | D:9      | Killed a two-headed ogre
 10380 | D:9      | Noticed a tengu warrior
 10391 | D:9      | Killed a tengu warrior
 10408 | D:9      | Reached skill level 10 in Dodging
 10540 | D:9      | Reached skill level 5 in Shields
 11190 | D:10     | Entered Level 10 of the Dungeon
 11320 | D:10     | Noticed a cyclops
 11320 | D:10     | Noticed a manticore
 11328 | D:10     | HP: 2/63 [manticore (6)]
 11438 | D:9      | Reached skill level 13 in Stealth
 11595 | D:10     | Reached XP level 12. HP: 69/69 MP: 12/12
 11700 | D:10     | Noticed a boulder beetle
 11714 | D:10     | Killed a boulder beetle
 11957 | D:10     | Reached skill level 10 in Fighting
 12061 | D:10     | Noticed a two-headed ogre
 12069 | D:10     | Killed a two-headed ogre
 12705 | D:11     | Reached skill level 14 in Stealth
 12772 | D:11     | Found a staircase to the Lair.
 12837 | D:11     | Noticed a two-headed ogre
 12839 | D:11     | Noticed a two-headed ogre
 12840 | D:11     | Noticed an ogre mage
 12894 | D:11     | Killed a two-headed ogre
 13374 | D:11     | Noticed a two-headed ogre
 13727 | D:10     | Killed a two-headed ogre
 13844 | D:11     | Killed a two-headed ogre
 13875 | D:11     | Killed an ogre mage
 13876 | D:11     | Reached XP level 13. HP: 64/75 MP: 13/13
 14093 | D:12     | Reached **** piety under Hepliaklqana
 14630 | D:12     | Noticed Gastronok
 14634 | D:12     | Killed Gastronok
 14782 | D:12     | Found a staircase to the Orcish Mines.
 14788 | D:12     | Noticed Nessos
 14805 | D:12     | Shot with an arrow by Nessos

Illustrated notes

Levels and vault maps discovered:
D:1:      heliophobic_arrival_henge, layout_rooms,
          chequers_ecumenical_altar_simple_redux, serial_corexii_hall,
          corexii_hall_statues_u, chequers_hall_statues_wall_a
D:2:      minmay_evil_eye, layout_basic, hangedman_glass_teeth
D:3:      layout_rooms, xom_butterflies, grunt_ministairs_12
D:4:      layout_basic, minmay_temple_entry_crystal_x, gup_sewer_entry_bowl
D:5:      layout_loops_ring, overflow_temple_1_default,
          mainiacjoe_overflow_24_doors, serial_shops, nicolae_take_the_stairs,
          shop, nicolae_shop_behind_doors, shop, shop
D:6:      layout_basic, serial_shops, nicolae_lakefront_shop,
          kennysheep_little_box, nicolae_shop_behind_doors, shop,
          nicolae_shop_overgrown_old_shop, chequers_serial_rivers_large_a,
          small_statue_intersection
D:7:      layout_cave_pools, serial_shops, shop, nicolae_square_shop, shop,
          kennysheep_mini, uniq_maggie
D:8:      layout_basic, serial_shops, nicolae_shop_waterfront,
          nicolae_ossuary_entry_catacombs, uniq_erica, uniq_grum
D:9:      layout_basic, hangedman_minor_gate_pass, uniq_pikel
D:10:     kennysheep_big_flooded_room, layout_basic
D:11:     layout_small_grid, lair_entry_dummy
D:12:     layout_roguey, zombieorc1_lemuel, uniq_sonja, uniq_nessos, uniq_lodul,
          uniq_azrael, uniq_gastronok
Temple:   hellmonk_temple_of_storms

Skill      XL: |  1  2  3  4  5  6  7  8  9 10 11 12 13 |
---------------+----------------------------------------+-----
Short Blades   | 3 4 5 6 7 9 10 11 12 13 | 13.1
Dodging        | 2 3 4 6 8 9 10 11 | 11.9
Fighting       | 3 4 6 7 8 9 10 11 | 11.2
Stealth        | 6 7 9 10 11 13 14 | 14.8
Shields        | 2 3 5 6 |  6.9
Throwing       | |  2.1

Action                     |  1- 3 |  4- 6 |  7- 9 | 10-12 | 13-15 || total
---------------------------+-------+-------+-------+-------+-------++-------
  Melee: Dagger            |    83 |   172 |   437 |   714 |   109 ||  1515
         Punch             |     1 |     2 |     3 |    15 |       ||    21
 Invoke: Ancestor Life: He |       |       |     1 |       |       ||     1
    Use: Scroll            |       |     3 |     5 |     3 |     3 ||    14
         Potion            |       |     2 |       |     2 |     1 ||     5
   Stab: Sleeping          |    16 |    15 |    26 |    12 |     2 ||    71
         Distracted        |     1 |       |       |    13 |     1 ||    15
         Confused          |       |       |     3 |    26 |     3 ||    32
 Armour: Robe              |    14 |    25 |    48 |    47 |    12 ||   146
  Dodge: Dodged            |    50 |    86 |   290 |   393 |    55 ||   874
  Block: Kite shield       |       |       |       |       |    58 ||    58

Table legend: (Time is in decaauts)
 A = Elapsed time spent in this place.
 B = Non-inter-level travel time spent in this place.
 C = Inter-level travel time spent in this place.
 D = Time resting spent in this place.
 E = Time spent auto-exploring this place.
 F = Levels seen in this place.
 G = Mean time per level.
                   A        B        C        D        E       F      G
               +--------+--------+--------+--------+--------+-----+--------+
         Total |  14530 |  13772 |    758 |   2186 |   8250 |  15 |  968.7 |
       Dungeon |  12458 |  11700 |    758 |   1681 |   7303 |  12 | 1038.2 |
        Temple |     47 |     47 |      0 |      0 |      0 |   1 |   47.0 |
         Sewer |   1641 |   1641 |      0 |    505 |    746 |   1 | 1641.0 |
       Ossuary |    383 |    383 |      0 |      0 |    201 |   1 |  383.0 |
               +--------+--------+--------+--------+--------+-----+--------+

Top non-repeatable levels by time:
     D:6: 1750 daAuts
   Sewer: 1641 daAuts
    D:10: 1473 daAuts
     D:9: 1351 daAuts
    D:11: 1192 daAuts
     D:8: 1158 daAuts
     D:4: 1086 daAuts
     D:2: 897 daAuts
     D:5: 883 daAuts
     D:7: 761 daAuts
     D:1: 708 daAuts
     D:3: 599 daAuts
    D:12: 594 daAuts
 Ossuary: 383 daAuts
  Temple: 47 daAuts
